Crunch vs Comets
Created - Tuesday, December 17, 2024 at 21:26
Goals
|
Crunch |
2 |
2 |
0 |
4 |
Comets |
3 |
1 |
1 |
5 |
|
Shots
|
Crunch |
10 |
12 |
8 |
30 |
Comets |
12 |
9 |
15 |
36 |
|
1st period
1. Crunch , Colin White 4 (Max Jones 19, Craig Smith 20) at 1:51 (PP)
2. Comets , Kevin Korchinski 3 (Ethan Bear 23, Logan Shaw 15) at 5:13
3. Comets , Cody Glass 2 (Roby Jarventie 24, Justin Dowling 18) at 10:47
4. Crunch , Max Jones 11 (Colin White 19, Craig Smith 21) at 11:32
5. Comets , Cody Glass 3 (Justin Dowling 19) at 15:05
Penalties :
Ashton Sautner (UTI) for Delaying the game (Minor) at 0:22, Max Jones (SYR) for Holding (Minor) at 2:10, Colin White (SYR) for Diving (Minor) at 5:34, Xavier Bourgault (SYR) for Interference (Minor) at 7:02, Ashton Sautner (UTI) for Hooking (Minor) at 18:32
2nd period
6. Crunch , Craig Smith 11 (Declan Carlile 17, Cole Clayton 9) at 3:27
7. Crunch , Max Jones 12 (Craig Smith 22, Declan Carlile 18) at 12:49 (PP)
8. Comets , Roby Jarventie 11 (Cody Glass 6, Logan Shaw 16) at 19:28 (PP)
Penalties :
Chris Harpur (SYR) for Cross-checking (Minor) at 4:57, Jett Woo (UTI) for Interference (Minor) at 9:05, Roby Jarventie (UTI) for Delaying the game (Minor) at 11:00, Leo Loof (UTI) for Holding (Minor) at 12:03, Mikko Kokkonen (SYR) for Tripping (Minor) at 16:14, Mikko Kokkonen (SYR) for Roughing (Minor) at 18:39
3rd period
9. Comets , Logan Shaw 24 (Ethan Bear 24, Vasily Podkolzin 12) at 1:14
Penalties :
Nick Cicek (SYR) for High sticking (Minor) at 1:41, Keegan Kolesar (SYR) for Interference (Minor) at 12:46, William Dufour (SYR) for Interference (Minor) at 14:57, Mikko Kokkonen (SYR) for High sticking (Minor) at 16:03, Tanner Fritz (UTI) for Interference (Minor) at 18:47
Goalie Stats
Devon Levi (SYR), 31 saves from 36 shots - (0.861), L, 13-10-3, 59:26 minutes
Jordan Papirny (UTI), 26 saves from 30 shots - (0.867), W, 20-5-2, 60:00 minutes
Players Stats for Crunch
Player Name G A P +/- PIM S H SB GA TA FO MP PP MP PK MP
------------------------------------------------------------------------------------
Adam Sykora 0 0 0 0 0 0 0 0 0 0 0/0 2:19 0:42 1:37
Ben Meyers 0 0 0 -2 0 3 3 1 0 0 9/20 20:38 3:50 5:58
Chris Harpur 0 0 0 -1 2 0 2 0 0 0 0/0 12:40 0:05 1:13
Cole Clayton 0 1 1 0 0 0 1 2 0 0 0/0 23:13 5:01 7:42
Colin White 1 1 2 0 2 2 0 0 0 0 17/34 19:52 5:05 7:49
Cooper Marody 0 0 0 -1 0 0 2 0 0 0 1/3 13:26 0:00 0:00
Craig Smith 1 3 4 0 0 9 0 0 0 0 0/0 18:13 5:05 0:00
Declan Carlile 0 2 2 0 0 0 0 3 0 0 0/0 24:55 5:01 9:50
Francesco Pinelli 0 0 0 -2 0 1 0 0 0 0 0/0 10:19 0:00 0:00
Keegan Kolesar 0 0 0 0 2 1 3 1 0 0 1/2 21:30 3:56 7:55
Lias Andersson 0 0 0 0 0 3 1 0 0 0 12/21 18:16 3:55 4:13
Max Jones 2 1 3 0 2 7 2 1 0 0 6/9 20:42 5:05 5:32
Mikko Kokkonen 0 0 0 -1 6 0 3 1 0 0 0/0 21:19 4:31 5:03
Nick Cicek 0 0 0 -1 2 0 2 0 0 0 0/0 22:33 4:31 6:49
William Dufour 0 0 0 0 2 1 1 0 0 0 0/1 16:17 0:36 0:00
Xavier Bourgault 0 0 0 0 2 0 0 0 0 0 0/1 0:40 0:37 0:03
Yegor Sokolov 0 0 0 -2 0 3 2 0 0 0 0/1 10:19 0:00 0:00
Zachary Massicotte 0 0 0 0 0 0 0 0 0 0 0/0 3:59 0:05 3:54
Players Stats for Comets
Player Name G A P +/- PIM S H SB GA TA FO MP PP MP PK MP
------------------------------------------------------------------------------------
Ashton Sautner 0 0 0 1 4 2 1 0 0 0 0/0 21:38 9:16 3:24
Cody Glass 2 1 3 2 0 3 2 0 0 0 2/2 18:05 8:51 0:00
Ethan Bear 0 2 2 1 0 1 2 1 0 0 0/0 23:43 8:41 4:43
Jack Rathbone 0 0 0 0 0 2 1 1 0 0 0/0 23:44 7:45 4:28
Jett Woo 0 0 0 0 2 0 2 3 0 0 0/0 12:43 0:00 0:09
Justin Dowling 0 2 2 2 0 6 0 0 0 0 17/31 22:24 8:10 5:00
Justin Richards 0 0 0 0 0 1 0 0 0 0 0/2 8:08 0:30 1:08
Kevin Korchinski 1 0 1 2 0 3 1 0 0 0 0/0 17:10 1:56 4:46
Leo Loof 0 0 0 0 2 0 0 0 0 0 0/0 1:58 0:37 1:09
Logan Shaw 1 2 3 1 0 2 1 0 0 0 11/23 24:03 8:02 2:42
Matthew Highmore 0 0 0 1 0 3 2 0 0 0 0/1 20:30 7:55 5:46
Patrick Brown 0 0 0 -1 0 0 2 0 0 0 2/5 12:07 0:00 1:33
Riley Nash 0 0 0 -1 0 2 1 0 0 0 2/3 10:34 0:00 0:00
Roby Jarventie 1 1 2 2 2 6 1 0 0 0 2/2 19:46 8:41 1:51
Tanner Fritz 0 0 0 -1 2 1 0 0 0 0 7/12 10:33 0:00 0:00
Tucker Robertson 0 0 0 0 0 1 1 0 0 0 2/10 8:14 1:44 0:00
Vasily Podkolzin 0 1 1 1 0 2 0 0 0 0 1/1 14:37 7:25 0:23
Zach Metsa 0 0 0 0 0 1 1 3 0 0 0/0 19:30 6:47 0:34
3 Stars
1 - Cody Glass (UTI)
2 - Logan Shaw (UTI)
3 - Craig Smith (SYR)
Power Play
Crunch - 2 on 6 Attempt(s) - 33.33%
Comets - 1 on 10 Attempt(s) - 10.00%
Penalty Kill
Crunch - 9 on 10 Attempt(s) - 90.00%
- Score 0 goal in Penalty Kill
Comets - 4 on 6 Attempt(s) - 66.67%
- Score 0 goal in Penalty Kill
Team Stat
Crunch - Hits : 22 - Faceoff Wins : 46 - Blocked Shots : 9 - Penalty Minutes : 20
Comets - Hits : 18 - Faceoff Wins : 46 - Blocked Shots : 8 - Penalty Minutes : 12
Official
Referees : Kendrick Nicholson and Kevin Pollock
Linesman : Andrew Smith and Brandon Gawryletz
Game Notes
No Game Note
Finance
Level 1 -- Attendance: 2000 (100.00%) -- Ticket Income $70,000
Level 2 -- Attendance: 901 (90.10%) -- Ticket Income $13,515
Total Attendance: 2901 (96.70%)
Total Ticket Income: $83,515
Other Income: $40,922
Total Income: $124,437
Crunch
5 vs 5 Forward
Center Left Wing Right Wing Time % Phy DF OF
1 Colin White Max Jones Craig Smith 25 1 2 2
2 Lias Andersson William Dufour Keegan Kolesar 25 1 2 2
3 Ben Meyers Yegor Sokolov Francesco Pinelli 25 1 2 2
4 Cooper Marody Craig Smith William Dufour 25 1 2 2
5 vs 5 Defense
Defense Defense Time % Phy DF OF
1 Declan Carlile Cole Clayton 25 1 2 2
2 Mikko Kokkonen Nick Cicek 25 1 2 2
3 Chris Harpur Cooper Marody 25 1 2 2
4 Declan Carlile Cole Clayton 25 1 2 2
PowerPlay Forward
Center Left Wing Right Wing Time % Phy DF OF
1 Colin White Max Jones Craig Smith 60 1 2 2
2 Lias Andersson Ben Meyers Keegan Kolesar 40 1 2 2
PowerPlay Defense
Defense Defense Time % Phy DF OF
1 Declan Carlile Cole Clayton 60 1 2 2
2 Mikko Kokkonen Nick Cicek 40 1 2 2
Penalty Kill 4 Players Forward
Center Wing Time % Phy DF OF
1 Colin White Keegan Kolesar 60 1 2 2
2 Ben Meyers Max Jones 40 1 2 2
Penalty Kill 4 Players Defense
Defense Defense Time % Phy DF OF
1 Declan Carlile Cole Clayton 60 1 2 2
2 Mikko Kokkonen Nick Cicek 40 1 2 2
Penalty Kill - 3 Players Forward
Forward Time % Phy DF OF
1 Max Jones 60 1 2 2
2 Keegan Kolesar 40 1 2 2
Penalty Kill - 3 Players Defense
Defense Defense Time % Phy DF OF
1 Declan Carlile Cole Clayton 60 1 2 2
2 Mikko Kokkonen Nick Cicek 40 1 2 2
4 vs 4 Forward
Center Wing Time % Phy DF OF
1 Colin White Keegan Kolesar 60 1 2 2
2 Ben Meyers Max Jones 40 1 2 2
4 vs 4 Defense
Defense Defense Time % Phy DF OF
1 Declan Carlile Cole Clayton 60 1 2 2
2 Mikko Kokkonen Nick Cicek 40 1 2 2
Last Minutes Offensive
Center Left Wing Right Wing Defense Defense
Colin White Max Jones Craig Smith Declan Carlile Cole Clayton
Last Minutes Defensive
Center Left Wing Right Wing Defense Defense
Colin White Max Jones Craig Smith Declan Carlile Cole Clayton
Goaltenders
Starting : Devon Levi
Backup : Jiri Patera
Extra Forwards
Normal : Max Jones, Keegan Kolesar, Ben Meyers - PP : Keegan Kolesar, Max Jones - PK : Ben Meyers
Extra Defensemen
Normal : Declan Carlile, Mikko Kokkonen, Nick Cicek - PP : Cole Clayton - PK : Mikko Kokkonen, Nick Cicek
Penalty Shots
Ben Meyers, Keegan Kolesar, Craig Smith, Max Jones, Colin White
Custom OT Lines Forwards
William Dufour, Keegan Kolesar, Francesco Pinelli, Max Jones, Colin White, Craig Smith, Lias Andersson, Ben Meyers, Cooper Marody, Yegor Sokolov
Custom OT Lines Defensemen
Declan Carlile, Cole Clayton, Mikko Kokkonen, Nick Cicek, Chris Harpur
Scratches
Elliot Desnoyers (Healthy), Brandon Coe (Healthy), Nicolas Aube-Kubel (Healthy), Zayde Wisdom (Healthy), Pavel Novak (Healthy)
Jacob Murray (Healthy), Tristan Allard (Healthy), Andrew Perrott (Healthy), Alex Beaucage (Healthy), Ryan Fitzgerald (Healthy)
Daniil Misyul (Healthy), Owen Headrick (Healthy), C.J. Suess (Healthy), Magnus Chrona (Healthy), Felix Sandstrom (Healthy)
Comets
5 vs 5 Forward
Center Left Wing Right Wing Time % Phy DF OF
1 Justin Dowling Roby Jarventie Cody Glass 25 0 2 3
2 Logan Shaw Matthew Highmore Vasily Podkolzin 25 0 2 3
3 Tanner Fritz Riley Nash Patrick Brown 25 0 2 3
4 Tucker Robertson Logan Shaw Justin Richards 25 0 2 3
5 vs 5 Defense
Defense Defense Time % Phy DF OF
1 Ethan Bear Kevin Korchinski 25 0 4 1
2 Ashton Sautner Jack Rathbone 25 0 4 1
3 Jett Woo Zach Metsa 25 0 4 1
4 Jack Rathbone Ethan Bear 25 0 4 1
PowerPlay Forward
Center Left Wing Right Wing Time % Phy DF OF
1 Logan Shaw Roby Jarventie Cody Glass 60 0 0 5
2 Justin Dowling Matthew Highmore Vasily Podkolzin 40 0 0 5
PowerPlay Defense
Defense Defense Time % Phy DF OF
1 Ethan Bear Ashton Sautner 60 0 0 5
2 Jack Rathbone Zach Metsa 40 0 0 5
Penalty Kill 4 Players Forward
Center Wing Time % Phy DF OF
1 Justin Dowling Matthew Highmore 60 0 5 0
2 Logan Shaw Roby Jarventie 40 0 5 0
Penalty Kill 4 Players Defense
Defense Defense Time % Phy DF OF
1 Jack Rathbone Kevin Korchinski 60 0 5 0
2 Ethan Bear Ashton Sautner 40 0 5 0
Penalty Kill - 3 Players Forward
Forward Time % Phy DF OF
1 Patrick Brown 60 0 5 0
2 Justin Dowling 40 0 5 0
Penalty Kill - 3 Players Defense
Defense Defense Time % Phy DF OF
1 Kevin Korchinski Jack Rathbone 60 0 5 0
2 Ashton Sautner Ethan Bear 40 0 5 0
4 vs 4 Forward
Center Wing Time % Phy DF OF
1 Justin Dowling Matthew Highmore 60 0 2 3
2 Logan Shaw Vasily Podkolzin 40 0 2 3
4 vs 4 Defense
Defense Defense Time % Phy DF OF
1 Ethan Bear Jack Rathbone 60 0 4 1
2 Ashton Sautner Zach Metsa 40 0 4 1
Last Minutes Offensive
Center Left Wing Right Wing Defense Defense
Justin Dowling Vasily Podkolzin Logan Shaw Ethan Bear Kevin Korchinski
Last Minutes Defensive
Center Left Wing Right Wing Defense Defense
Justin Dowling Matthew Highmore Logan Shaw Ethan Bear Kevin Korchinski
Goaltenders
Starting : Jordan Papirny
Backup : Ludovic Waeber
Extra Forwards
Normal : Matthew Highmore, Patrick Brown, Roby Jarventie - PP : Tucker Robertson, Vasily Podkolzin - PK : Patrick Brown
Extra Defensemen
Normal : Ashton Sautner, Ethan Bear, Kevin Korchinski - PP : Ethan Bear - PK : Ethan Bear, Jack Rathbone
Penalty Shots
Logan Shaw, Roby Jarventie, Cody Glass, Justin Dowling, Matthew Highmore
Custom OT Lines Forwards
Logan Shaw, Vasily Podkolzin, Patrick Brown, Cody Glass, Tanner Fritz, Justin Dowling, Roby Jarventie, Tucker Robertson, Riley Nash, Matthew Highmore
Custom OT Lines Defensemen
Kevin Korchinski, Jett Woo, Ethan Bear, Ashton Sautner, Jack Rathbone
Scratches
Brett Budgell (Healthy), Colin Felix (Healthy), Cristiano DiGiacinto (Healthy), Alex Gallant (Healthy), Eric Comrie (Healthy)
% Time on Ice - CrunchLines # - Real PCT - Wanted PCT - Time Play
Normal Forward
1 - 21% - 25% - 6:59
2 - 29% - 25% - 9:40
3 - 31% - 25% - 10:19
4 - 19% - 25% - 6:09
Normal Defense
1 - 17% - 25% - 5:30
2 - 35% - 25% - 11:40
3 - 34% - 25% - 11:23
4 - 14% - 25% - 4:34
PP Forward
1 - 53% - 60% - 5:05
2 - 47% - 40% - 4:32
PP Defense
1 - 52% - 60% - 5:01
2 - 48% - 40% - 4:36
PK Forward
1 - 68% - 60% - 10:46
2 - 32% - 40% - 5:06
PK Defense
1 - 44% - 60% - 6:59
2 - 56% - 40% - 8:53
PK3 Forward
1 - 100% - 60% - 1:24
2 - 0% - 40% - 0:00
PK3 Defense
1 - 32% - 60% - 0:27
2 - 68% - 40% - 0:57
44 Forward
1 - 0% - 60%
2 - 0% - 40%
44 Defense
1 - 0% - 60%
2 - 0% - 40%
Last Minute Offensive - 0:00
Last Minute Defensive - 0:00
Total
Forward - 60:00
Defense - 60:00
|
% Time on Ice - CometsLines # - Real PCT - Wanted PCT - Time Play
Normal Forward
1 - 28% - 25% - 9:14
2 - 21% - 25% - 6:49
3 - 32% - 25% - 10:34
4 - 20% - 25% - 6:30
Normal Defense
1 - 30% - 25% - 10:02
2 - 27% - 25% - 9:00
3 - 38% - 25% - 12:35
4 - 5% - 25% - 1:30
PP Forward
1 - 51% - 60% - 8:51
2 - 49% - 40% - 8:25
PP Defense
1 - 55% - 60% - 9:31
2 - 45% - 40% - 7:45
PK Forward
1 - 68% - 60% - 5:56
2 - 32% - 40% - 2:51
PK Defense
1 - 42% - 60% - 3:43
2 - 58% - 40% - 5:04
PK3 Forward
1 - 100% - 60% - 0:50
2 - 0% - 40% - 0:00
PK3 Defense
1 - 100% - 60% - 0:50
2 - 0% - 40% - 0:00
44 Forward
1 - 0% - 60%
2 - 0% - 40%
44 Defense
1 - 0% - 60%
2 - 0% - 40%
Last Minute Offensive - 0:00
Last Minute Defensive - 0:00
Total
Forward - 60:00
Defense - 60:00
|
Play-by-Play
1st period
0:01 of 1st period - Justin Dowling wins face-off versus Colin White in neutral zone.
0:03 of 1st period - Off-side.
0:04 of 1st period - Logan Shaw wins face-off versus Lias Andersson in neutral zone.
0:04 of 1st period - Vasily Podkolzin is hit by Keegan Kolesar and loses puck.
0:22 of 1st period - Minor Penalty to Ashton Sautner for Delaying the game.
0:23 of 1st period - Colin White wins face-off versus Justin Dowling in Comets zone.
0:51 of 1st period - Shot by Craig Smith.
0:51 of 1st period - Stopped by Jordan Papirny without a rebound.
0:52 of 1st period - Lias Andersson wins face-off versus Logan Shaw in Comets zone.
0:54 of 1st period - Keegan Kolesar is hit by Kevin Korchinski and loses puck.
1:05 of 1st period - Shot by Ben Meyers.
1:05 of 1st period - Shot Misses the Net.
1:47 of 1st period - Shot by Max Jones.
1:47 of 1st period - Stopped by Jordan Papirny with a rebound.
1:49 of 1st period - Shot by Colin White.
1:49 of 1st period - Stopped by Jordan Papirny with a rebound.
1:51 of 1st period - Shot by Colin White.
1:51 of 1st period - Goal by Colin White - Crunch : 1 - Comets : 0.
1:52 of 1st period - Max Jones wins face-off versus Patrick Brown in neutral zone.
2:10 of 1st period - Minor Penalty to Max Jones for Holding.
2:11 of 1st period - Colin White wins face-off versus Logan Shaw in Crunch zone.
3:16 of 1st period - Shot by Jack Rathbone.
3:16 of 1st period - Shot Misses the Net.
3:18 of 1st period - Shot by Jack Rathbone.
3:18 of 1st period - Shot Misses the Net.
3:20 of 1st period - Shot by Justin Dowling.
3:20 of 1st period - Shot Misses the Net.
4:46 of 1st period - Shot by Craig Smith.
4:46 of 1st period - Stopped by Jordan Papirny with a rebound.
4:58 of 1st period - Nick Cicek is hit by Riley Nash and loses puck.
5:09 of 1st period - Shot by Logan Shaw.
5:09 of 1st period - Shot Misses the Net.
5:11 of 1st period - Shot by Ethan Bear.
5:11 of 1st period - Shot Misses the Net.
5:13 of 1st period - Shot by Kevin Korchinski.
5:13 of 1st period - Goal by Kevin Korchinski - Crunch : 1 - Comets : 1.
5:14 of 1st period - Colin White wins face-off versus Tucker Robertson in neutral zone.
5:34 of 1st period - Minor Penalty to Colin White for Diving.
5:35 of 1st period - Lias Andersson wins face-off versus Justin Dowling in Crunch zone.
7:02 of 1st period - Minor Penalty to Xavier Bourgault for Interference.
7:03 of 1st period - Justin Dowling wins face-off versus Lias Andersson in Crunch zone.
7:09 of 1st period - Shot by Matthew Highmore.
7:09 of 1st period - Shot Misses the Net.
7:11 of 1st period - Shot by Ashton Sautner.
7:11 of 1st period - Shot Misses the Net.
7:13 of 1st period - Shot by Justin Dowling.
7:13 of 1st period - Stopped by Devon Levi without a rebound.
7:14 of 1st period - Max Jones wins face-off versus Matthew Highmore in Crunch zone.
7:37 of 1st period - Shot by Zach Metsa.
7:37 of 1st period - Stopped by Devon Levi without a rebound.
7:38 of 1st period - Logan Shaw wins face-off versus Colin White in Crunch zone.
7:51 of 1st period - Shot by Logan Shaw.
7:51 of 1st period - Shot Misses the Net.
7:58 of 1st period - Icing by Roby Jarventie.
7:59 of 1st period - Logan Shaw wins face-off versus Colin White in Comets zone.
8:08 of 1st period - Shot by Roby Jarventie.
8:08 of 1st period - Stopped by Devon Levi without a rebound.
8:09 of 1st period - Vasily Podkolzin wins face-off versus Ben Meyers in Crunch zone.
8:23 of 1st period - Shot by Matthew Highmore.
8:23 of 1st period - Shot Misses the Net.
8:25 of 1st period - Shot by Justin Dowling.
8:25 of 1st period - Stopped by Devon Levi without a rebound.
8:26 of 1st period - Colin White wins face-off versus Logan Shaw in Crunch zone.
8:50 of 1st period - Icing by Logan Shaw.
8:51 of 1st period - Logan Shaw wins face-off versus Ben Meyers in Comets zone.
8:55 of 1st period - Off-side.
8:56 of 1st period - Justin Dowling wins face-off versus Colin White in neutral zone.
9:09 of 1st period - Tanner Fritz is hit by Yegor Sokolov and loses puck.
10:05 of 1st period - Shot by Craig Smith.
10:05 of 1st period - Stopped by Jordan Papirny without a rebound.
10:06 of 1st period - Lias Andersson wins face-off versus Logan Shaw in Comets zone.
10:43 of 1st period - Shot by Vasily Podkolzin.
10:43 of 1st period - Stopped by Devon Levi without a rebound.
10:44 of 1st period - Roby Jarventie wins face-off versus Colin White in Crunch zone.
10:45 of 1st period - Shot by Justin Dowling.
10:45 of 1st period - Shot Hit the Post.
10:47 of 1st period - Shot by Roby Jarventie.
10:47 of 1st period - Deflect By Cody Glass.
10:47 of 1st period - Goal by Cody Glass - Crunch : 1 - Comets : 2.
10:48 of 1st period - Justin Dowling wins face-off versus Colin White in neutral zone.
10:50 of 1st period - Off-side.
10:51 of 1st period - Justin Dowling wins face-off versus Colin White in neutral zone.
10:56 of 1st period - Shot by Roby Jarventie.
10:56 of 1st period - Shot Blocked by Cole Clayton.
10:59 of 1st period - Icing by Craig Smith.
11:00 of 1st period - Tucker Robertson wins face-off versus Colin White in Crunch zone.
11:19 of 1st period - Ethan Bear is hit by Max Jones and loses puck.
11:32 of 1st period - Shot by Colin White.
11:32 of 1st period - Deflect By Max Jones.
11:32 of 1st period - Goal by Max Jones - Crunch : 2 - Comets : 2.
11:33 of 1st period - Cody Glass wins face-off versus Lias Andersson in neutral zone.
11:44 of 1st period - Shot by Keegan Kolesar.
11:44 of 1st period - Shot Blocked by Zach Metsa.
11:46 of 1st period - Shot by William Dufour.
11:46 of 1st period - Shot Blocked by Jett Woo.
12:04 of 1st period - Shot by Roby Jarventie.
12:04 of 1st period - Stopped by Devon Levi with a rebound.
12:06 of 1st period - Shot by Justin Dowling.
12:06 of 1st period - Stopped by Devon Levi without a rebound.
12:07 of 1st period - Ben Meyers wins face-off versus Logan Shaw in Crunch zone.
12:30 of 1st period - Shot by Matthew Highmore.
12:30 of 1st period - Shot Blocked by Ben Meyers.
12:32 of 1st period - Shot by Ashton Sautner.
12:32 of 1st period - Stopped by Devon Levi without a rebound.
12:33 of 1st period - Tanner Fritz wins face-off versus Colin White in Crunch zone.
13:17 of 1st period - Icing by Colin White.
13:18 of 1st period - Max Jones wins face-off versus Tucker Robertson in Crunch zone.
14:13 of 1st period - Logan Shaw is hit by Yegor Sokolov and loses puck.
14:49 of 1st period - Shot by Cody Glass.
14:49 of 1st period - Shot Hit the Post.
14:59 of 1st period - Shot by Justin Dowling.
14:59 of 1st period - Stopped by Devon Levi with a rebound.
15:05 of 1st period - Shot by Cody Glass.
15:05 of 1st period - Goal by Cody Glass - Crunch : 2 - Comets : 3.
15:06 of 1st period - Colin White wins face-off versus Riley Nash in neutral zone.
15:12 of 1st period - Icing by Kevin Korchinski.
15:13 of 1st period - Lias Andersson wins face-off versus Tanner Fritz in Comets zone.
15:26 of 1st period - Cole Clayton is hit by Patrick Brown and loses puck.
17:39 of 1st period - Shot by Declan Carlile.
17:39 of 1st period - Shot Misses the Net.
17:41 of 1st period - Shot by Lias Andersson.
17:41 of 1st period - Stopped by Jordan Papirny without a rebound.
17:42 of 1st period - Colin White wins face-off versus Patrick Brown in Comets zone.
17:57 of 1st period - Shot by Colin White.
17:57 of 1st period - Shot Misses the Net.
17:59 of 1st period - Shot by Colin White.
17:59 of 1st period - Deflect By Craig Smith.
17:59 of 1st period - Shot Misses the Net.
18:01 of 1st period - Shot by Craig Smith.
18:01 of 1st period - Stopped by Jordan Papirny with a rebound.
18:32 of 1st period - Minor Penalty to Ashton Sautner for Hooking.
18:33 of 1st period - Lias Andersson wins face-off versus Justin Richards in Comets zone.
18:41 of 1st period - Keegan Kolesar is hit by Jack Rathbone and loses puck.
18:44 of 1st period - Shot by Declan Carlile.
18:44 of 1st period - Shot Misses the Net.
18:46 of 1st period - Shot by Declan Carlile.
18:46 of 1st period - Shot Misses the Net.
18:48 of 1st period - Shot by Declan Carlile.
18:48 of 1st period - Shot Misses the Net.
18:50 of 1st period - Shot by Cole Clayton.
18:50 of 1st period - Deflect By Lias Andersson.
18:50 of 1st period - Shot Misses the Net.
18:52 of 1st period - Shot by Ben Meyers.
18:52 of 1st period - Shot Misses the Net.
18:54 of 1st period - Shot by Lias Andersson.
18:54 of 1st period - Shot Misses the Net.
19:43 of 1st period - Off-side.
19:44 of 1st period - Lias Andersson wins face-off versus Logan Shaw in neutral zone.
19:49 of 1st period - Shot by Keegan Kolesar.
19:49 of 1st period - Stopped by Jordan Papirny without a rebound.
19:50 of 1st period - Lias Andersson wins face-off versus Justin Dowling in Comets zone.
Goals for this period are 2 for Crunch vs 3 for Comets.
Shots for this period are 10 for Crunch vs 12 for Comets.
2nd period
0:01 of 2nd period - Justin Dowling wins face-off versus Colin White in neutral zone.
0:06 of 2nd period - Craig Smith is hit by Matthew Highmore and loses puck.
0:32 of 2nd period - Craig Smith is hit by Jett Woo and loses puck.
0:37 of 2nd period - Shot by Ben Meyers.
0:37 of 2nd period - Shot Misses the Net.
0:39 of 2nd period - Shot by Francesco Pinelli.
0:39 of 2nd period - Deflect By Yegor Sokolov.
0:39 of 2nd period - Stopped by Jordan Papirny without a rebound.
0:40 of 2nd period - Lias Andersson wins face-off versus Tucker Robertson in Comets zone.
1:05 of 2nd period - Logan Shaw is hit by Chris Harpur and loses puck.
1:45 of 2nd period - Shot by Yegor Sokolov.
1:45 of 2nd period - Deflect By Ben Meyers.
1:45 of 2nd period - Stopped by Jordan Papirny without a rebound.
1:46 of 2nd period - Colin White wins face-off versus Tanner Fritz in Comets zone.
1:58 of 2nd period - Max Jones is hit by Ashton Sautner and loses puck.
2:03 of 2nd period - Shot by Craig Smith.
2:03 of 2nd period - Stopped by Jordan Papirny without a rebound.
2:04 of 2nd period - Justin Dowling wins face-off versus Ben Meyers in Comets zone.
2:35 of 2nd period - Cody Glass is hit by Nick Cicek.
3:15 of 2nd period - Shot by Vasily Podkolzin.
3:15 of 2nd period - Stopped by Devon Levi without a rebound.
3:16 of 2nd period - Tanner Fritz wins face-off versus Cooper Marody in Crunch zone.
3:19 of 2nd period - Shot by Patrick Brown.
3:19 of 2nd period - Shot Blocked by Declan Carlile.
3:27 of 2nd period - Shot by Craig Smith.
3:27 of 2nd period - Goal by Craig Smith - Crunch : 3 - Comets : 3.
3:28 of 2nd period - Lias Andersson wins face-off versus Tucker Robertson in neutral zone.
3:33 of 2nd period - Shot by Tucker Robertson.
3:33 of 2nd period - Stopped by Devon Levi without a rebound.
3:34 of 2nd period - Cooper Marody wins face-off versus Logan Shaw in Crunch zone.
3:34 of 2nd period - Cooper Marody is hit by Logan Shaw.
3:55 of 2nd period - Craig Smith is hit by Jett Woo and loses puck.
4:12 of 2nd period - Craig Smith is hit by Zach Metsa and loses puck.
4:24 of 2nd period - Icing by Zach Metsa.
4:25 of 2nd period - Keegan Kolesar wins face-off versus Logan Shaw in Comets zone.
4:35 of 2nd period - Zach Metsa is hit by Keegan Kolesar and loses puck.
4:47 of 2nd period - Logan Shaw is hit by Keegan Kolesar and loses puck.
4:57 of 2nd period - Minor Penalty to Chris Harpur for Cross-checking.
4:58 of 2nd period - Colin White wins face-off versus Tucker Robertson in Crunch zone.
5:20 of 2nd period - Shot by Ethan Bear.
5:20 of 2nd period - Shot Blocked by Cole Clayton.
5:34 of 2nd period - Colin White is hit by Cody Glass.
6:01 of 2nd period - Shot by Justin Richards.
6:01 of 2nd period - Stopped by Devon Levi without a rebound.
6:02 of 2nd period - Justin Dowling wins face-off versus Lias Andersson in Crunch zone.
6:56 of 2nd period - Shot by Cody Glass.
6:56 of 2nd period - Stopped by Devon Levi with a rebound.
7:02 of 2nd period - Shot by Patrick Brown.
7:02 of 2nd period - Shot Blocked by Max Jones.
7:12 of 2nd period - Shot by Craig Smith.
7:12 of 2nd period - Stopped by Jordan Papirny without a rebound.
7:13 of 2nd period - Lias Andersson wins face-off versus Tucker Robertson in Comets zone.
7:13 of 2nd period - Craig Smith is hit by Ethan Bear and loses puck.
7:32 of 2nd period - Shot by William Dufour.
7:32 of 2nd period - Shot Misses the Net.
7:40 of 2nd period - Shot by Lias Andersson.
7:40 of 2nd period - Stopped by Jordan Papirny without a rebound.
7:41 of 2nd period - Tanner Fritz wins face-off versus Yegor Sokolov in Comets zone.
7:41 of 2nd period - Tanner Fritz is hit by Ben Meyers.
8:06 of 2nd period - Icing by Yegor Sokolov.
8:07 of 2nd period - Justin Dowling wins face-off versus Ben Meyers in Crunch zone.
8:54 of 2nd period - Shot by Lias Andersson.
8:54 of 2nd period - Stopped by Jordan Papirny with a rebound.
8:58 of 2nd period - Shot by Keegan Kolesar.
8:58 of 2nd period - Shot Blocked by Zach Metsa.
9:00 of 2nd period - Shot by William Dufour.
9:00 of 2nd period - Shot Misses the Net.
9:05 of 2nd period - Minor Penalty to Jett Woo for Interference.
9:06 of 2nd period - Patrick Brown wins face-off versus Colin White in Comets zone.
9:14 of 2nd period - Icing by Craig Smith.
9:15 of 2nd period - Justin Dowling wins face-off versus Colin White in Crunch zone.
9:20 of 2nd period - Shot by Matthew Highmore.
9:20 of 2nd period - Stopped by Devon Levi without a rebound.
9:21 of 2nd period - Colin White wins face-off versus Justin Dowling in Crunch zone.
9:26 of 2nd period - Shot by Colin White.
9:26 of 2nd period - Shot Misses the Net.
9:28 of 2nd period - Shot by Craig Smith.
9:28 of 2nd period - Stopped by Jordan Papirny without a rebound.
9:29 of 2nd period - Colin White wins face-off versus Justin Dowling in Comets zone.
9:30 of 2nd period - Shot by Max Jones.
9:30 of 2nd period - Stopped by Jordan Papirny without a rebound.
9:31 of 2nd period - Colin White wins face-off versus Justin Dowling in Comets zone.
10:16 of 2nd period - Justin Dowling is hit by Ben Meyers and loses puck.
11:00 of 2nd period - Minor Penalty to Roby Jarventie for Delaying the game.
11:01 of 2nd period - Colin White wins face-off versus Patrick Brown in Comets zone.
11:02 of 2nd period - Shot by Max Jones.
11:02 of 2nd period - Shot Misses the Net.
11:04 of 2nd period - Shot by Declan Carlile.
11:04 of 2nd period - Shot Misses the Net.
12:03 of 2nd period - Minor Penalty to Leo Loof for Holding.
12:04 of 2nd period - Patrick Brown wins face-off versus Lias Andersson in Comets zone.
12:47 of 2nd period - Shot by Craig Smith.
12:47 of 2nd period - Shot Blocked by Jack Rathbone.
12:49 of 2nd period - Shot by Max Jones.
12:49 of 2nd period - Goal by Max Jones - Crunch : 4 - Comets : 3.
12:50 of 2nd period - Logan Shaw wins face-off versus Xavier Bourgault in neutral zone.
13:08 of 2nd period - Shot by Xavier Bourgault.
13:08 of 2nd period - Shot Misses the Net.
13:18 of 2nd period - Shot by Roby Jarventie.
13:18 of 2nd period - Stopped by Devon Levi with a rebound.
13:31 of 2nd period - Off-side.
13:32 of 2nd period - Colin White wins face-off versus Justin Dowling in neutral zone.
14:26 of 2nd period - Icing by Cooper Marody.
14:27 of 2nd period - Tanner Fritz wins face-off versus Ben Meyers in Crunch zone.
14:27 of 2nd period - Tanner Fritz is hit by Cooper Marody.
14:29 of 2nd period - Shot by Riley Nash.
14:29 of 2nd period - Shot Misses the Net.
14:34 of 2nd period - Icing by Chris Harpur.
14:35 of 2nd period - Ben Meyers wins face-off versus Tanner Fritz in Crunch zone.
14:56 of 2nd period - Shot by William Dufour.
14:56 of 2nd period - Shot Blocked by Ethan Bear.
14:58 of 2nd period - Shot by William Dufour.
14:58 of 2nd period - Stopped by Jordan Papirny without a rebound.
14:59 of 2nd period - Justin Dowling wins face-off versus Lias Andersson in Comets zone.
15:06 of 2nd period - Shot by Cody Glass.
15:06 of 2nd period - Shot Misses the Net.
15:24 of 2nd period - Shot by William Dufour.
15:24 of 2nd period - Shot Misses the Net.
16:14 of 2nd period - Minor Penalty to Mikko Kokkonen for Tripping.
16:15 of 2nd period - Justin Dowling wins face-off versus Colin White in Crunch zone.
16:28 of 2nd period - Shot by Ethan Bear.
16:28 of 2nd period - Stopped by Devon Levi without a rebound.
16:29 of 2nd period - Logan Shaw wins face-off versus Ben Meyers in Crunch zone.
16:36 of 2nd period - Shot by Cody Glass.
16:36 of 2nd period - Shot Misses the Net.
17:51 of 2nd period - Vasily Podkolzin is hit by Chris Harpur and loses puck.
18:38 of 2nd period - Patrick Brown is hit by Mikko Kokkonen and loses puck.
18:39 of 2nd period - Minor Penalty to Mikko Kokkonen for Roughing.
18:40 of 2nd period - Colin White wins face-off versus Justin Dowling in Crunch zone.
19:00 of 2nd period - Shot by Ben Meyers.
19:00 of 2nd period - Shot Misses the Net.
19:20 of 2nd period - Shot by Logan Shaw.
19:20 of 2nd period - Stopped by Devon Levi without a rebound.
19:21 of 2nd period - Logan Shaw wins face-off versus Colin White in Crunch zone.
19:28 of 2nd period - Shot by Roby Jarventie.
19:28 of 2nd period - Goal by Roby Jarventie - Crunch : 4 - Comets : 4.
19:29 of 2nd period - Max Jones wins face-off versus Tucker Robertson in neutral zone.
19:38 of 2nd period - Shot by Max Jones.
19:38 of 2nd period - Shot Blocked by Zach Metsa.
19:40 of 2nd period - Shot by Cooper Marody.
19:40 of 2nd period - Shot Blocked by Jett Woo.
19:42 of 2nd period - Shot by Craig Smith.
19:42 of 2nd period - Stopped by Jordan Papirny with a rebound.
19:44 of 2nd period - Shot by Cooper Marody.
19:44 of 2nd period - Shot Blocked by Jett Woo.
Goals for this period are 2 for Crunch vs 1 for Comets.
Shots for this period are 12 for Crunch vs 9 for Comets.
3rd period
0:01 of 3rd period - Logan Shaw wins face-off versus William Dufour in neutral zone.
0:08 of 3rd period - Shot by Matthew Highmore.
0:08 of 3rd period - Shot Misses the Net.
0:10 of 3rd period - Shot by Ethan Bear.
0:10 of 3rd period - Shot Misses the Net.
0:12 of 3rd period - Shot by Matthew Highmore.
0:12 of 3rd period - Stopped by Devon Levi without a rebound.
0:13 of 3rd period - Justin Dowling wins face-off versus Ben Meyers in Crunch zone.
0:26 of 3rd period - Shot by Roby Jarventie.
0:26 of 3rd period - Shot Blocked by Mikko Kokkonen.
0:39 of 3rd period - Shot by Ben Meyers.
0:39 of 3rd period - Stopped by Jordan Papirny without a rebound.
0:40 of 3rd period - Logan Shaw wins face-off versus Cooper Marody in Comets zone.
0:40 of 3rd period - Logan Shaw is hit by Cooper Marody.
1:01 of 3rd period - William Dufour is hit by Ethan Bear and loses puck.
1:10 of 3rd period - Shot by Vasily Podkolzin.
1:10 of 3rd period - Shot Misses the Net.
1:12 of 3rd period - Shot by Ethan Bear.
1:12 of 3rd period - Shot Misses the Net.
1:14 of 3rd period - Shot by Logan Shaw.
1:14 of 3rd period - Goal by Logan Shaw - Crunch : 4 - Comets : 5.
1:15 of 3rd period - Ben Meyers wins face-off versus Tanner Fritz in neutral zone.
1:37 of 3rd period - Patrick Brown is hit by Nick Cicek and loses puck.
1:41 of 3rd period - Minor Penalty to Nick Cicek for High sticking.
1:42 of 3rd period - Roby Jarventie wins face-off versus Colin White in Crunch zone.
2:28 of 3rd period - Icing by Justin Dowling.
2:29 of 3rd period - Ben Meyers wins face-off versus Justin Dowling in Comets zone.
2:39 of 3rd period - Icing by Ethan Bear.
2:40 of 3rd period - Justin Dowling wins face-off versus Keegan Kolesar in Comets zone.
2:47 of 3rd period - Shot by Ethan Bear.
2:47 of 3rd period - Shot Blocked by Keegan Kolesar.
2:58 of 3rd period - Vasily Podkolzin is hit by Max Jones and loses puck.
3:09 of 3rd period - Shot by Ben Meyers.
3:09 of 3rd period - Stopped by Jordan Papirny without a rebound.
3:10 of 3rd period - Logan Shaw wins face-off versus Colin White in Comets zone.
3:27 of 3rd period - Shot by Logan Shaw.
3:27 of 3rd period - Shot Misses the Net.
3:43 of 3rd period - Shot by Roby Jarventie.
3:43 of 3rd period - Stopped by Devon Levi without a rebound.
3:44 of 3rd period - Riley Nash wins face-off versus Max Jones in Crunch zone.
3:45 of 3rd period - Shot by Kevin Korchinski.
3:45 of 3rd period - Stopped by Devon Levi without a rebound.
3:46 of 3rd period - Max Jones wins face-off versus Tanner Fritz in Crunch zone.
3:46 of 3rd period - Max Jones is hit by Patrick Brown.
3:58 of 3rd period - Shot by Craig Smith.
3:58 of 3rd period - Shot Misses the Net.
4:46 of 3rd period - Shot by Francesco Pinelli.
4:46 of 3rd period - Stopped by Jordan Papirny with a rebound.
4:48 of 3rd period - Shot by Francesco Pinelli.
4:48 of 3rd period - Deflect By Yegor Sokolov.
4:48 of 3rd period - Stopped by Jordan Papirny without a rebound.
4:49 of 3rd period - Justin Dowling wins face-off versus Ben Meyers in Comets zone.
4:49 of 3rd period - Cody Glass is hit by Ben Meyers and loses puck.
4:56 of 3rd period - Shot by Ben Meyers.
4:56 of 3rd period - Deflect By Yegor Sokolov.
4:56 of 3rd period - Stopped by Jordan Papirny without a rebound.
4:57 of 3rd period - Logan Shaw wins face-off versus Lias Andersson in Comets zone.
5:14 of 3rd period - Shot by Vasily Podkolzin.
5:14 of 3rd period - Shot Misses the Net.
6:20 of 3rd period - Shot by Max Jones.
6:20 of 3rd period - Stopped by Jordan Papirny with a rebound.
6:47 of 3rd period - Colin White is hit by Cody Glass and loses puck.
7:19 of 3rd period - Icing by Cooper Marody.
7:20 of 3rd period - Ben Meyers wins face-off versus Justin Richards in Crunch zone.
7:22 of 3rd period - Icing by Cooper Marody.
7:23 of 3rd period - Ben Meyers wins face-off versus Tucker Robertson in Crunch zone.
7:50 of 3rd period - Shot by Yegor Sokolov.
7:50 of 3rd period - Deflect By Ben Meyers.
7:50 of 3rd period - Shot Misses the Net.
8:00 of 3rd period - Francesco Pinelli is hit by Tucker Robertson and loses puck.
8:08 of 3rd period - Icing by Cooper Marody.
8:09 of 3rd period - Riley Nash wins face-off versus Ben Meyers in Crunch zone.
8:20 of 3rd period - Shot by Patrick Brown.
8:20 of 3rd period - Shot Misses the Net.
8:22 of 3rd period - Shot by Patrick Brown.
8:22 of 3rd period - Shot Misses the Net.
8:24 of 3rd period - Shot by Patrick Brown.
8:24 of 3rd period - Shot Misses the Net.
8:26 of 3rd period - Shot by Riley Nash.
8:26 of 3rd period - Stopped by Devon Levi with a rebound.
8:28 of 3rd period - Shot by Riley Nash.
8:28 of 3rd period - Stopped by Devon Levi without a rebound.
8:29 of 3rd period - Colin White wins face-off versus Logan Shaw in Crunch zone.
8:52 of 3rd period - Shot by Max Jones.
8:52 of 3rd period - Stopped by Jordan Papirny without a rebound.
8:53 of 3rd period - Tanner Fritz wins face-off versus Lias Andersson in Comets zone.
9:07 of 3rd period - Shot by Tanner Fritz.
9:07 of 3rd period - Stopped by Devon Levi with a rebound.
9:09 of 3rd period - Shot by Jack Rathbone.
9:09 of 3rd period - Stopped by Devon Levi with a rebound.
9:28 of 3rd period - Shot by Patrick Brown.
9:28 of 3rd period - Deflect By Tanner Fritz.
9:28 of 3rd period - Shot Misses the Net.
9:38 of 3rd period - Shot by Roby Jarventie.
9:38 of 3rd period - Stopped by Devon Levi without a rebound.
9:39 of 3rd period - Tucker Robertson wins face-off versus Colin White in Crunch zone.
9:47 of 3rd period - Logan Shaw is hit by Cole Clayton and loses puck.
10:12 of 3rd period - Shot by Kevin Korchinski.
10:12 of 3rd period - Stopped by Devon Levi with a rebound.
10:14 of 3rd period - Shot by Kevin Korchinski.
10:14 of 3rd period - Shot Misses the Net.
10:34 of 3rd period - Shot by Justin Dowling.
10:34 of 3rd period - Shot Blocked by Declan Carlile.
10:44 of 3rd period - Shot by Justin Dowling.
10:44 of 3rd period - Stopped by Devon Levi without a rebound.
10:45 of 3rd period - Tanner Fritz wins face-off versus Ben Meyers in Crunch zone.
10:55 of 3rd period - Shot by Riley Nash.
10:55 of 3rd period - Shot Misses the Net.
12:01 of 3rd period - Vasily Podkolzin is hit by Mikko Kokkonen and loses puck.
12:30 of 3rd period - Justin Dowling is hit by Mikko Kokkonen and loses puck.
12:46 of 3rd period - Minor Penalty to Keegan Kolesar for Interference.
12:47 of 3rd period - Ben Meyers wins face-off versus Logan Shaw in Crunch zone.
13:00 of 3rd period - Shot by Max Jones.
13:00 of 3rd period - Stopped by Jordan Papirny with a rebound.
13:45 of 3rd period - Shot by Matthew Highmore.
13:45 of 3rd period - Stopped by Devon Levi without a rebound.
13:46 of 3rd period - Ben Meyers wins face-off versus Justin Dowling in Crunch zone.
14:09 of 3rd period - Shot by Justin Dowling.
14:09 of 3rd period - Stopped by Devon Levi with a rebound.
14:11 of 3rd period - Shot by Vasily Podkolzin.
14:11 of 3rd period - Shot Misses the Net.
14:13 of 3rd period - Shot by Justin Dowling.
14:13 of 3rd period - Shot Misses the Net.
14:15 of 3rd period - Shot by Matthew Highmore.
14:15 of 3rd period - Shot Misses the Net.
14:50 of 3rd period - Icing by Riley Nash.
14:51 of 3rd period - Tanner Fritz wins face-off versus Max Jones in Comets zone.
14:53 of 3rd period - Riley Nash is hit by William Dufour and loses puck.
14:57 of 3rd period - Minor Penalty to William Dufour for Interference.
14:58 of 3rd period - Ben Meyers wins face-off versus Logan Shaw in Crunch zone.
15:55 of 3rd period - Off-side.
15:56 of 3rd period - Justin Dowling wins face-off versus Lias Andersson in neutral zone.
15:56 of 3rd period - Justin Dowling is hit by Lias Andersson.
16:03 of 3rd period - Minor Penalty to Mikko Kokkonen for High sticking.
16:04 of 3rd period - Max Jones wins face-off versus Justin Dowling in Crunch zone.
16:44 of 3rd period - Shot by Logan Shaw.
16:44 of 3rd period - Shot Misses the Net.
16:46 of 3rd period - Shot by Ashton Sautner.
16:46 of 3rd period - Stopped by Devon Levi without a rebound.
16:47 of 3rd period - Cody Glass wins face-off versus Max Jones in Crunch zone.
17:37 of 3rd period - Icing by Zach Metsa.
17:38 of 3rd period - Justin Dowling wins face-off versus Ben Meyers in Comets zone.
17:46 of 3rd period - Shot by Jack Rathbone.
17:46 of 3rd period - Shot Misses the Net.
17:48 of 3rd period - Shot by Tucker Robertson.
17:48 of 3rd period - Shot Blocked by Declan Carlile.
17:50 of 3rd period - Shot by Jack Rathbone.
17:50 of 3rd period - Shot Misses the Net.
17:52 of 3rd period - Shot by Jack Rathbone.
17:52 of 3rd period - Stopped by Devon Levi without a rebound.
17:53 of 3rd period - Colin White wins face-off versus Justin Dowling in Crunch zone.
18:47 of 3rd period - Minor Penalty to Tanner Fritz for Interference.
18:48 of 3rd period - Lias Andersson wins face-off versus Justin Dowling in Comets zone.
19:11 of 3rd period - Icing by Keegan Kolesar.
19:12 of 3rd period - Lias Andersson wins face-off versus Justin Dowling in Crunch zone.
19:12 of 3rd period - Lias Andersson is hit by Matthew Highmore.
19:18 of 3rd period - Crunch, Devon Levi is pulled from the net.
19:51 of 3rd period - Icing by Max Jones.
19:52 of 3rd period - Devon Levi from Crunch was sent back in the game.
19:52 of 3rd period - Colin White wins face-off versus Logan Shaw in Crunch zone.
19:52 of 3rd period - Colin White is hit by Roby Jarventie.
19:59 of 3rd period - Off-side.
Goals for this period are 0 for Crunch vs 1 for Comets.
Shots for this period are 8 for Crunch vs 15 for Comets.
Back to the Top